[Event "Titled Tuesday Blitz February 22 Early 2022"]
[White "Kobalia, Mikhail"]
[Black "Sarana, Alexey"]
[WhiteFideId "4119150"]
[BlackFideId "24133795"]
[WhiteElo "2667"]
[BlackElo "2665"]
[Result "1-0"]
[Round "06"]
[TimeControl "180+1"]
[Date "2022.02.22"]
[WhiteClock "0:00:04"]
[BlackClock "0:00:03"]

1. e4 c5 2. Nf3 a6 3. c4 e6 4. Nc3 Nc6 5. d4 cxd4 6. Nxd4 Bc5 7. Nb3 Ba7 8. Be2 Nge7 9. O-O O-O 10. Bf4 e5 11. Bg5 d6 12. Qd2 Be6 13. Rad1 Nd4 14. Nxd4 Bxd4 15. Be3 Nc6 16. h3 Bxe3 17. Qxe3 Nd4 18. b3 Qa5 19. Kh2 Rfc8 20. Bg4 b5 21. Bxe6 fxe6 22. Ne2 Nxe2 23. Qxe2 Rc6 24. Rd2 bxc4 25. bxc4 Qb4 26. Rfd1 Rf8 27. f3 Rfc8 28. Rb2 Qc5 29. Rb7 R6c7 30. Rxc7 Rxc7 31. Qd3 Rc6 32. Qb3 Rb6 33. Qa4 Qc6 34. Qa3 h6 35. Qe3 Kf7 36. Rxd6 Qxd6 37. c5 Qd4 38. Qxd4 exd4 39. cxb6 d3 40. b7 d2 41. b8=Q d1=Q 42. Qb7+ Kf6 43. Qxa6 Qd4 44. Qa5 g5 45. a4 h5 46. Qb5 Qd2 47. Qb8 Kf7 48. Qc7+ Kg6 49. a5 g4 50. hxg4 hxg4 51. fxg4 Qh6+ 52. Kg1 Qe3+ 53. Kf1 Qd3+ 54. Kf2 Qd2+ 55. Kf3 Qd1+ 56. Kf4 Qd4 57. Kg3 Qe3+ 58. Kh2 Qh6+ 59. Kg1 Qe3+ 60. Kf1 Qd3+ 61. Kf2 Qd2+ 62. Kf3 Qd3+ 63. Kf4 Qd4 64. Qb6 Qf6+ 65. Ke3 Qc3+ 66. Ke2 Qc2+ 67. Kf3 Qd1+ 68. Kf4 Qf1+ 69. Ke5 Kg5 70. Kxe6 Qf6+ 71. Kd7 Qf7+ 72. Kc8 Qe8+ 73. Qd8+ 1-0


[Site "https://www.chess.com"]

[Event "Titled Tuesday Blitz February 22 Early 2022"]
[White "Korchmar, Vasiliy"]
[Black "Tymrakiewicz, Rafal"]
[WhiteFideId "24131750"]
[BlackFideId "1108832"]
[WhiteElo "2370"]
[BlackElo "2205"]
[Result "1-0"]
[Round "06"]
[TimeControl "180+1"]
[Date "2022.02.22"]
[WhiteClock "0:00:20"]
[BlackClock "0:00:01"]

1. d4 Nf6 2. Bf4 c5 3. d5 g6 4. Nc3 Bg7 5. e4 d6 6. Bb5+ Bd7 7. a4 O-O 8. Nf3 Ne8 9. O-O Nc7 10. Be2 f6 11. Nd2 b6 12. Nc4 Nca6 13. Bg3 Nb4 14. f4 a6 15. e5 Bf5 16. Rc1 Qc7 17. exd6 exd6 18. Ne3 Bd7 19. f5 g5 20. Nc4 b5 21. axb5 Bxb5 22. Bxd6 Qd8 23. Bxf8 Bxf8 24. d6 Nd7 25. Ne3 Ne5 26. Bxb5 axb5 27. Nxb5 Qb6 28. c4 Kg7 29. Nd5 Nxd5 30. Qxd5 Rd8 31. Rfd1 Rd7 32. Ra1 Nf7 33. Qe6 Qc6 34. Ra6 Qxa6 35. Qxd7 Qa4 36. Nc3 Qxc4 37. Qc6 Qb4 38. d7 Nd8 39. Qb5 Be7 40. Qxb4 cxb4 41. Nd5 Bc5+ 42. Kf1 Kf7 43. Nc7 Ke7 44. Ne6 Nxe6 45. fxe6 Bb6 46. g4 Bd8 47. Re1 Bc7 48. h3 Bb6 49. b3 Bd8 50. Kg2 Bc7 51. Kf3 Bd8 52. Re4 Bc7 53. Ke2 Bd8 54. Kd3 Bc7 55. Kc4 Bd6 56. Kd5 Bc7 57. Rc4 Bd8 58. Rc8 h6 59. Rxd8 Kxd8 60. Kd6 h5 61. e7# 1-0


[Site "https://www.chess.com"]

[Event "Titled Tuesday Blitz February 22 Early 2022"]
[White "Kozak, Adam"]
[Black "Dubov, Daniil"]
[WhiteFideId "753246"]
[BlackFideId "24126055"]
[WhiteElo "2459"]
[BlackElo "2791"]
[Result "1/2-1/2"]
[Round "06"]
[TimeControl "180+1"]
[Date "2022.02.22"]
[WhiteClock "0:00:16"]
[BlackClock "0:00:19"]

1. Nf3 d5 2. g3 Bg4 3. Bg2 Nd7 4. c4 e6 5. cxd5 exd5 6. O-O c6 7. d3 Bc5 8. e4 Ne7 9. Qc2 O-O 10. Nc3 Bb6 11. h3 Bh5 12. Na4 Bc7 13. Nh4 f6 14. Nc3 Bf7 15. d4 dxe4 16. Bxe4 g6 17. Bh6 Re8 18. Rfe1 Nb6 19. Rad1 Nbd5 20. a3 Qd7 21. Bg2 Nxc3 22. Qxc3 Bd5 23. Bc1 Bxg2 24. Nxg2 Nd5 25. Qb3 Ba5 26. Rxe8+ Rxe8 27. Nf4 Bb6 28. Nxd5 cxd5 29. Qf3 Kg7 30. Kg2 Re4 31. Be3 Bc7 32. Rc1 Bd6 33. Qd1 Qb5 34. Qc2 h5 35. a4 Qd7 36. Qb3 Qf7 37. Rc8 h4 38. g4 Qd7 39. Qxd5 Rxg4+ 40. hxg4 Qxg4+ 41. Kf1 Qd1+ 42. Kg2 Qg4+ 43. Kf1 Qd1+ 44. Kg2 Qg4+ 1/2-1/2


[Site "https://www.chess.com"]

[Event "Titled Tuesday Blitz February 22 Early 2022"]
[White "Krutko, Anatoly"]
[Black "Topalov, Aleksandar"]
[WhiteFideId "4185862"]
[BlackFideId "925659"]
[WhiteElo "2378"]
[BlackElo "2098"]
[Result "1-0"]
[Round "06"]
[TimeControl "180+1"]
[Date "2022.02.22"]
[WhiteClock "0:00:14"]
[BlackClock "0:00:06"]

1. e4 e6 2. d4 d5 3. Nc3 Bb4 4. e5 Qd7 5. h4 h5 6. Nf3 b6 7. a3 Bxc3+ 8. bxc3 Ba6 9. Bxa6 Nxa6 10. a4 Nb8 11. a5 Nc6 12. axb6 cxb6 13. Ba3 Na5 14. Nd2 Ne7 15. Qf3 Nf5 16. g3 Rc8 17. O-O Nc4 18. Nxc4 Rxc4 19. Rfb1 f6 20. Bb4 Kf7 21. Ra6 Rc7 22. Rba1 Kg6 23. Bd6 Nxd6 24. exd6 Qxd6 25. Rxa7 Rhc8 26. Qd3+ f5 27. Qe3 Kf7 28. Qg5 g6 29. Qh6 Kf6 30. Rxc7 Qxc7 31. Ra3 b5 32. Qg5+ Kf7 33. Qh6 Kf6 34. Qg5+ Kf7 35. Qc1 b4 36. cxb4 Qxc2 37. Ra7+ Kg8 38. Qxc2 Rxc2 39. Re7 Rd2 40. Rxe6 Rxd4 41. Rxg6+ Kf7 42. Rg5 Kf6 43. b5 Rb4 44. Rxh5 Rxb5 45. Kg2 Rb8 46. Kf3 Kg6 47. Rg5+ Kf6 48. Ke3 Re8+ 49. Kd2 d4 50. Rh5 Kg6 51. Rg5+ Kf6 52. Kd3 Rd8 53. g4 fxg4 54. Rxg4 Ke5 55. Re4+ Kf5 56. Rxd4 Ra8 57. Ke2 Ra2+ 58. Kf1 Ke5 59. Rb4 Kf5 60. Kg2 Ra3 61. f3 Ra1 62. Rb5+ Kf4 63. Rb4+ Kf5 64. Kh3 Rh1+ 65. Kg3 Rg1+ 66. Kf2 Ra1 67. Re4 Ra2+ 68. Kg3 Ra1 69. Rf4+ Kg6 70. Rb4 Kf5 71. Rb5+ Kg6 72. Kg4 Rg1+ 73. Kf4 Rh1 74. h5+ Kh6 75. Rb8 Rh4+ 76. Ke5 Rxh5+ 77. Ke4 Ra5 78. Rg8 Kh7 79. Rg1 Ra4+ 80. Kf5 Ra5+ 81. Kg4 Ra8 82. Kf5 Rf8+ 83. Ke4 Re8+ 84. Kd4 Rd8+ 85. Ke3 Re8+ 86. Kf2 Rf8 87. Rg4 Kh6 88. Kg3 Kh5 89. f4 Ra8 90. Rg5+ Kh6 91. Kg4 Ra4 92. Rb5 Kg6 93. Rb6+ Kf7 94. Kg5 Ra1 95. Rb7+ Kf8 96. f5 Ra6 97. Rh7 Kg8 98. Rb7 Kf8 99. Rb2 Kf7 100. Rg2 Ra5 101. Rb2 Ra4 102. Rb7+ Kf8 103. Kg6 Ra6+ 104. f6 Ra8 105. Rh7 Kg8 106. f7+ Kf8 107. Rh8+ 1-0


[Site "https://www.chess.com"]

[Event "Titled Tuesday Blitz February 22 Early 2022"]
[White "Langner, Ladislav"]
[Black "Ivanisevic, Ivan"]
[WhiteFideId "300403"]
[BlackFideId "912417"]
[WhiteElo "2346"]
[BlackElo "2495"]
[Result "1-0"]
[Round "06"]
[TimeControl "180+1"]
[Date "2022.02.22"]
[WhiteClock "0:00:16"]
[BlackClock "0:00:03"]

1. e4 e5 2. Bc4 Nc6 3. d3 Nf6 4. Nf3 Be7 5. c3 O-O 6. O-O d6 7. Re1 Na5 8. Bb5 a6 9. Ba4 b5 10. Bc2 c5 11. d4 Qc7 12. h3 Nc6 13. b3 cxd4 14. cxd4 Nb4 15. Bd3 Bb7 16. Bb2 Nxd3 17. Qxd3 d5 18. dxe5 dxe4 19. Qc3 Qxc3 20. Bxc3 Nd5 21. Nfd2 e3 22. fxe3 Nxc3 23. Nxc3 Bb4 24. Rac1 Rac8 25. Ncb1 Rcd8 26. Re2 Rd3 27. Nf3 Rfd8 28. Nd4 Be4 29. a3 Ba5 30. b4 Bb6 31. Nd2 Bd5 32. N2f3 h6 33. Rd2 Rxe3 34. Nc6 Re1+ 35. Kh2 Rxc1 36. Nxd8 Bxf3 37. gxf3 Rc3 38. Rd7 Bc7 39. Nxf7 Kf8 40. Nd6 Bxd6 41. exd6 Rxf3 42. Ra7 Rd3 43. Rxa6 g5 44. Kg2 Kf7 45. Ra7+ Ke6 46. Rb7 Rxd6 47. Rxb5 Kf6 48. a4 h5 49. a5 Rd2+ 50. Kg3 Rd3+ 51. Kg2 h4 52. a6 Rd2+ 53. Kg1 Rd8 54. a7 Ra8 55. Rb7 Ke6 56. b5 Kd6 57. b6 Kc6 58. Rb8 1-0


[Site "https://www.chess.com"]

[Event "Titled Tuesday Blitz February 22 Early 2022"]
[White "Lauridsen, Jesper Morch"]
[Black "Glavina, Pablo"]
[WhiteFideId "1401890"]
[BlackFideId "100234"]
[WhiteElo "2280"]
[BlackElo "2369"]
[Result "1/2-1/2"]
[Round "06"]
[TimeControl "180+1"]
[Date "2022.02.22"]
[WhiteClock "0:01:41"]
[BlackClock "0:00:56"]

1. e4 e5 2. Nf3 Nc6 3. Bb5 Nf6 4. O-O Bc5 5. Qe2 d6 6. Bxc6+ bxc6 7. h3 a5 8. c3 O-O 9. Rd1 Ba6 10. d3 a4 11. Be3 Bxe3 12. Qxe3 Qb8 13. Qe2 Qb6 14. Na3 Rab8 15. Rab1 Nd7 16. Nh4 Nc5 17. Nf5 g6 18. Qe3 gxf5 19. Qg5+ Kh8 20. Qf6+ Kg8 21. Qg5+ Kh8 22. Qf6+ Kg8 23. Qg5+ 1/2-1/2


[Site "https://www.chess.com"]

[Event "Titled Tuesday Blitz February 22 Early 2022"]
[White "Loy, Konstantin"]
[Black "Maevsky, Nikolay"]
[WhiteFideId "14122499"]
[BlackFideId "4198220"]
[WhiteElo "2084"]
[BlackElo "2104"]
[Result "1-0"]
[Round "06"]
[TimeControl "180+1"]
[Date "2022.02.22"]
[WhiteClock "0:00:22"]
[BlackClock "0:00:04"]

1. e4 c6 2. d4 d5 3. exd5 cxd5 4. c4 Nf6 5. Nc3 Nc6 6. Bg5 Be6 7. Nf3 Ne4 8. Be2 Nxc3 9. bxc3 dxc4 10. Qa4 Qa5 11. Qc2 f6 12. Bf4 Bd5 13. Rb1 b5 14. O-O e6 15. a4 bxa4 16. Qa2 Rc8 17. Bxc4 Be7 18. Rb5 Bxc4 19. Qxc4 Qd8 20. Qxe6 Qd7 21. Qa2 a3 22. Rfb1 Qg4 23. Bg3 h5 24. h4 Qd7 25. Rb7 Qf5 26. Re1 Kf8 27. Rbxe7 Nxe7 28. Qxa3 Re8 29. Bd6 Kf7 30. Rxe7+ Rxe7 31. Bxe7 Re8 32. Bc5 Qd7 33. Qxa7 Qxa7 34. Bxa7 Ra8 35. Bc5 Ra1+ 36. Kh2 Rc1 37. Bb4 Ke6 38. Kg3 Kf5 39. d5 g5 40. d6 g4 41. Nd4+ Kg6 42. d7 f5 43. d8=Q f4+ 44. Kxf4 Rxc3 45. Qg5+ Kf7 46. Bxc3 g3 47. Qf5+ Kg7 48. Ne6+ Kh6 49. Qg5+ Kh7 50. Qg7# 1-0


[Site "https://www.chess.com"]

[Event "Titled Tuesday Blitz February 22 Early 2022"]
[White "Makhnev, Denis"]
[Black "Kozak, Antoni"]
[WhiteFideId "13707647"]
[BlackFideId "21832030"]
[WhiteElo "2491"]
[BlackElo "2232"]
[Result "1-0"]
[Round "06"]
[TimeControl "180+1"]
[Date "2022.02.22"]
[WhiteClock "0:01:39"]
[BlackClock "0:00:22"]

1. d4 d5 2. c4 e6 3. Nf3 Nf6 4. g3 dxc4 5. Bg2 Bb4+ 6. Bd2 a5 7. Qc2 Bxd2+ 8. Qxd2 c6 9. a4 Ne4 10. Qf4 Qb6 11. O-O Qxb2 12. Na3 Nc3 13. Qd6 Qb4 14. Qe5 f6 15. Qh5+ g6 16. Qh6 Nd7 17. Kh1 b6 18. Rfc1 Ba6 19. Qe3 Nd5 20. Qxe6+ Ne7 21. Nxc4 Bxc4 22. Rxc4 Qb2 23. Rcc1 Nf8 24. Qxf6 Rg8 25. Kg1 Qb3 26. e3 Qf7 27. Qxf7+ Kxf7 28. Ne5+ Ke6 29. Nxc6 Rc8 30. Nxe7 Rxc1+ 31. Rxc1 Kxe7 32. Rc7+ Kd6 33. Rb7 Nd7 34. Bh3 Nf6 35. Rxb6+ Ke7 36. Re6+ Kf7 37. Ra6 Rb8 38. Rxa5 Ne4 39. Re5 Nc3 40. a5 Rb1+ 41. Kg2 Rb2 42. Be6+ Kf6 43. Bc4 Nd1 44. a6 Rb4 45. a7 Ra4 46. Re6+ Kf7 47. Ra6+ Rxc4 48. a8=Q 1-0


[Site "https://www.chess.com"]

[Event "Titled Tuesday Blitz February 22 Early 2022"]
[White "Manelyuk, Daniil"]
[Black "Potapova, Margarita"]
[WhiteFideId "44173920"]
[BlackFideId "14126869"]
[WhiteElo "2222"]
[BlackElo "2209"]
[Result "0-1"]
[Round "06"]
[TimeControl "180+1"]
[Date "2022.02.22"]
[WhiteClock "0:00:05"]
[BlackClock "0:00:06"]

1. e4 c5 2. Nf3 d6 3. d4 cxd4 4. Nxd4 Nf6 5. Nc3 a6 6. f3 e5 7. Nb3 Be6 8. Be3 Be7 9. Qd2 O-O 10. O-O-O Nbd7 11. g4 b5 12. g5 b4 13. Ne2 Ne8 14. f4 a5 15. f5 Bxb3 16. cxb3 a4 17. Kb1 axb3 18. Nc1 Nb6 19. Qxb4 bxa2+ 20. Ka1 Rb8 21. f6 gxf6 22. gxf6 Bxf6 23. Rg1+ Kh8 24. Bh6 Rg8 25. Rxg8+ Kxg8 26. Bb5 Ng7 27. Rxd6 Qe7 28. Qc5 Nc8 29. Rd5 Qxc5 30. Rxc5 Ne6 31. Rc2 Nd6 32. Bd3 Nd4 33. Rg2+ Kh8 34. Kxa2 Ne8 35. Ne2 Nb3 36. Nc3 Nc5 37. Bc2 Bg7 38. Bxg7+ Nxg7 39. Nd5 Nge6 40. b4 Nd7 41. Ba4 Ra8 42. Ka3 Nd4 43. Rd2 Nf8 44. Nb6 Ra7 45. Nc4 f6 46. Nb2 Nfe6 47. Rd3 Nf4 48. Rg3 Nfe2 49. Rh3 Nf4 50. Rg3 h5 51. h4 Nfe2 52. Re3 Nf4 53. Rg3 Nfe6 54. Nd3 Nb5+ 55. Kb3 Ned4+ 56. Kc4 Rxa4 57. Nc5 Ra3 58. Rxa3 Nxa3+ 59. Kd5 Nab5 60. Kc4 Kg7 61. Nd3 Kg6 62. Ne1 f5 63. exf5+ Kxf5 64. Ng2 Ke4 65. Ne1 Kf4 66. Nd3+ Kf5 67. Nc5 e4 68. Kd5 e3 69. Nd3 e2 70. Ne1 Kf4 71. Kc4 Ke3 72. Nd3 Kd2 73. Kc5 e1=Q 0-1


[Site "https://www.chess.com"]

[Event "Titled Tuesday Blitz February 22 Early 2022"]
[White "Mangialardo, Tiago Carvalho"]
[Black "Berdychevskaya, Natasha"]
[WhiteFideId "2130718"]
[BlackFideId "4159322"]
[WhiteElo "2120"]
[BlackElo "1780"]
[Result "0-1"]
[Round "06"]
[TimeControl "180+1"]
[Date "2022.02.22"]
[WhiteClock "0:00:01"]
[BlackClock "0:00:13"]

1. Nf3 Nf6 2. b3 e6 3. Bb2 Be7 4. e3 O-O 5. Be2 d5 6. d4 c5 7. O-O Nc6 8. c4 cxd4 9. Nxd4 Nxd4 10. Qxd4 dxc4 11. Qxc4 Bd7 12. Rd1 Qc8 13. Nd2 Qxc4 14. Nxc4 Bc6 15. Rac1 Rfd8 16. Ne5 Rxd1+ 17. Bxd1 Bd5 18. f3 Bd6 19. Nc4 Bc5 20. Kf2 Rc8 21. Ke2 Be7 22. e4 Bxc4+ 23. bxc4 Nd7 24. Bd4 b6 25. a4 Bf6 26. Be3 Nc5 27. Rb1 Kf8 28. g4 h6 29. g5 hxg5 30. h3 Ke7 31. Bc2 Kd6 32. Rb4 Kc6 33. f4 gxf4 34. Bxf4 Rd8 35. Ke3 Bd4+ 36. Kf3 e5 37. Bg5 Rd6 38. Be3 Bxe3 39. Kxe3 Rd4 40. Rb2 Rxc4 41. Bd1 Nxa4 42. Rd2 Nc3 0-1


[Site "https://www.chess.com"]

[Event "Titled Tuesday Blitz February 22 Early 2022"]
[White "Manukian, Artak"]
[Black "Wagner, Dennis"]
[WhiteFideId "13301373"]
[BlackFideId "24650684"]
[WhiteElo "2486"]
[BlackElo "2355"]
[Result "0-1"]
[Round "06"]
[TimeControl "180+1"]
[Date "2022.02.22"]
[WhiteClock "0:00:10"]
[BlackClock "0:00:33"]

1. e4 e5 2. Nf3 Nc6 3. d4 exd4 4. Nxd4 Bc5 5. Nxc6 bxc6 6. Bc4 d6 7. Qh5 Qf6 8. O-O Qg6 9. Qxg6 hxg6 10. Nd2 Nf6 11. Bd3 a5 12. Nc4 a4 13. Be3 Bxe3 14. Nxe3 g5 15. b3 Be6 16. f3 Nd7 17. Bc4 Ke7 18. h3 Rhb8 19. Kf2 Ra7 20. Ke2 Ne5 21. Bxe6 fxe6 22. Ng4 Ng6 23. Kd2 Nf4 24. Ne3 Rba8 25. b4 a3 26. Rab1 Rb7 27. Rb3 g6 28. Rfb1 e5 29. c4 Ne6 30. Kc3 Nd4 31. b5 Nxb3 32. Rxb3 cxb5 33. Nd5+ Ke6 34. cxb5 Rc8 35. Ne3 c6 36. b6 d5 37. Kd3 Ra8 38. exd5+ cxd5 39. Rb5 Rd8 40. Nc2 Rd6 41. Nxa3 Rbxb6 42. Rxb6 Rxb6 43. Nc2 Kd6 44. Kc3 Kc5 45. a4 d4+ 46. Kd3 Kd5 47. a5 Rb3+ 48. Kd2 Kc4 49. a6 Rb2 50. Kc1 Ra2 0-1


[Site "https://www.chess.com"]

[Event "Titled Tuesday Blitz February 22 Early 2022"]
[White "Manukyan, Artyom"]
[Black "Dronavalli, Harika"]
[WhiteFideId "13305786"]
[BlackFideId "5015197"]
[WhiteElo "2034"]
[BlackElo "2382"]
[Result "1-0"]
[Round "06"]
[TimeControl "180+1"]
[Date "2022.02.22"]
[WhiteClock "0:00:07"]
[BlackClock "0:00:08"]

1. e4 c5 2. Nc3 Nc6 3. Bb5 Nd4 4. Nf3 a6 5. Bd3 e6 6. O-O Nf6 7. Nxd4 cxd4 8. Ne2 Bc5 9. c3 dxc3 10. dxc3 d6 11. Bc2 O-O 12. Ng3 h6 13. Qe2 e5 14. h3 Be6 15. Kh1 b5 16. f4 exf4 17. Bxf4 Re8 18. Rad1 Bc4 19. Bd3 Bxd3 20. Qxd3 b4 21. cxb4 Bxb4 22. a3 Bc5 23. b4 Bb6 24. Bxd6 a5 25. e5 Nh7 26. Nf5 axb4 27. axb4 Qg5 28. Qf3 Ra7 29. h4 Qg6 30. Qc6 Rea8 31. Qxb6 Qg4 32. Qd4 Qe2 33. Qf2 Qh5 34. Ne7+ Kh8 35. Kg1 Ra2 36. Rd2 Rxd2 37. Qxd2 Qxh4 38. Qf2 Qc4 39. Qxf7 Qd4+ 40. Qf2 Qe4 41. Qf3 Qd4+ 42. Kh1 Re8 43. Ng6+ Kg8 44. Qf7# 1-0


[Site "https://www.chess.com"]

[Event "Titled Tuesday Blitz February 22 Early 2022"]
[White "Martin, Lewis"]
[Black "Bodnar, Nikolay"]
[WhiteFideId "410551"]
[BlackFideId "14106469"]
[WhiteElo "2145"]
[BlackElo "2296"]
[Result "1-0"]
[Round "06"]
[TimeControl "180+1"]
[Date "2022.02.22"]
[WhiteClock "0:00:01"]
[BlackClock "0:00:02"]

1. e4 e5 2. Nf3 Nc6 3. Bb5 Nf6 4. Nc3 Bc5 5. O-O O-O 6. d3 Nd4 7. Nxe5 d6 8. Nc4 a6 9. Ba4 b5 10. Bb3 bxc4 11. Bxc4 Bg4 12. Qd2 Qd7 13. Nd5 Nxd5 14. Bxd5 c6 15. Bb3 Bf3 16. h3 Ne2+ 17. Kh2 Bd4 18. gxf3 Nf4 19. Qxf4 Be5 20. Rg1 Kh8 21. Qxe5 dxe5 22. Be3 f5 23. c3 Qxd3 24. Rad1 Qe2 25. Rd7 Rg8 26. Bxg8 Rxg8 27. exf5 Qxf3 28. Rf7 Qh5 29. Rc7 Qxf5 30. Rxc6 a5 31. Rc7 a4 32. Ra7 Qe4 33. b3 axb3 34. axb3 Qc2 35. b4 Qxc3 36. b5 e4 37. b6 Qe5+ 38. Rg3 h5 39. h4 Qf6 40. Rg5 Qd6+ 41. Kg2 g6 42. Ra4 Re8 43. Rd4 Qf6 44. Rd7 Qf3+ 45. Kh2 1-0


[Site "https://www.chess.com"]

[Event "Titled Tuesday Blitz February 22 Early 2022"]
[White "Martinez, Shawn"]
[Black "Kashefi, Amir Hosein"]
[WhiteFideId "2039770"]
[BlackFideId "12557935"]
[WhiteElo "2174"]
[BlackElo "2098"]
[Result "1-0"]
[Round "06"]
[TimeControl "180+1"]
[Date "2022.02.22"]
[WhiteClock "0:00:08"]
[BlackClock "0:00:01"]

1. e4 c5 2. Nc3 Nc6 3. Bb5 g6 4. Bxc6 bxc6 5. d3 Bg7 6. f4 Nf6 7. Nf3 O-O 8. O-O Ba6 9. Qe1 Rb8 10. Rb1 d5 11. e5 Ne8 12. f5 gxf5 13. Qh4 e6 14. Bg5 f6 15. exf6 Bxf6 16. Rbe1 Ng7 17. Na4 Rb4 18. Bxf6 Rxf6 19. c4 Rxa4 20. Ng5 h6 21. Nxe6 Nxe6 22. Rxe6 Kf7 23. Rxc6 Qe7 24. Qh5+ Kg7 25. Rxf6 Qxf6 26. Rxf5 Qg6 27. Qf3 Rxa2 28. Qxd5 Ra1+ 29. Kf2 Bc8 30. Qe5+ Kg8 31. Qd5+ Be6 32. Qd8+ Kh7 33. Qe7+ Kh8 34. Rf6 Qg5 35. Qxe6 Qh4+ 36. g3 Qxh2+ 37. Kf3 Qh5+ 38. Kf2 Qh2+ 39. Kf3 Qh5+ 40. g4 Qh3+ 41. Kf4 Qh2+ 42. Kf5 Rf1+ 43. Kg6 1-0


[Site "https://www.chess.com"]

[Event "Titled Tuesday Blitz February 22 Early 2022"]
[White "Martirosyan, Haik M."]
[Black "De Verdier, Michael"]
[WhiteFideId "13306553"]
[BlackFideId "1710516"]
[WhiteElo "2735"]
[BlackElo "2301"]
[Result "1-0"]
[Round "06"]
[TimeControl "180+1"]
[Date "2022.02.22"]
[WhiteClock "0:00:23"]
[BlackClock "0:00:19"]

1. e4 c5 2. Nf3 e6 3. c3 Nf6 4. e5 Nd5 5. d4 cxd4 6. cxd4 Qc7 7. Be2 b6 8. O-O Ba6 9. Bxa6 Nxa6 10. Nbd2 Be7 11. Ne4 Rc8 12. Bd2 O-O 13. Rc1 Qb7 14. Qe2 f5 15. exf6 Nxf6 16. Nxf6+ Bxf6 17. d5 exd5 18. b4 Nc7 19. Qd3 Ne6 20. h4 d4 21. a3 Qd5 22. g3 b5 23. Nh2 g6 24. Rce1 Bg7 25. Rc1 a6 26. Rfe1 Qf5 27. Qxf5 gxf5 28. Nf3 Rc4 29. Rcd1 f4 30. g4 Rc2 31. g5 Ra2 32. Ra1 Rxa1 33. Rxa1 Rc8 34. a4 d3 35. Ra3 bxa4 36. Rxa4 Nd4 37. Nxd4 Bxd4 38. Ra3 Rc2 39. Rxd3 Bb6 40. Rxd7 f3 41. h5 Rb2 42. h6 Rc2 43. Rg7+ Kf8 44. Rd7 Ke8 45. Rd3 Ke7 46. Be3 Bxe3 47. Rxe3+ Kf7 48. Rxf3+ Kg6 49. Rf6+ Kxg5 50. Rxa6 Rb2 51. Rb6 Kg4 52. Kg2 Rc2 53. Rb7 Rb2 54. Rxh7 Rxb4 55. Rg7+ Kf5 56. Kg3 Kf6 57. Rg4 Rb3+ 58. f3 Rb1 59. Rh4 Rb8 60. Kf4 Kg6 61. h7 Rf8+ 62. Ke5 Rh8 63. f4 Rxh7 64. Rxh7 Kxh7 65. Kf6 Kg8 66. Ke7 Kg7 67. f5 1-0


[Site "https://www.chess.com"]

[Event "Titled Tuesday Blitz February 22 Early 2022"]
[White "Matveeva, Olga"]
[Black "Nithyalakshmi, Sivanesan"]
[WhiteFideId "24107018"]
[BlackFideId "5706955"]
[WhiteElo "2083"]
[BlackElo "1815"]
[Result "1-0"]
[Round "06"]
[TimeControl "180+1"]
[Date "2022.02.22"]
[WhiteClock "0:00:56"]
[BlackClock "0:00:16"]

1. e4 d6 2. d4 g6 3. Nf3 Bg7 4. Nc3 Nd7 5. Be3 b6 6. Qd2 Bb7 7. O-O-O h6 8. h4 e6 9. h5 g5 10. Be2 Ne7 11. Ne1 a6 12. f4 gxf4 13. Bxf4 b5 14. Bf3 Nb6 15. Kb1 Nc4 16. Qf2 Qd7 17. e5 d5 18. Nd3 O-O-O 19. Nc5 Qc6 20. g4 b4 21. N3a4 Qb5 22. g5 Nf5 23. g6 Rdf8 24. Nxb7 Qxa4 25. Nc5 Qc6 26. Qe2 fxg6 27. Qxc4 dxc4 28. Bxc6 Ne7 29. Bb7+ Kb8 30. Be3 Rd8 31. Bxa6 Nf5 32. Bf2 Rde8 33. Bxc4 1-0


[Site "https://www.chess.com"]

[Event "Titled Tuesday Blitz February 22 Early 2022"]
[White "Medeiros Jr, Francisco De Assis"]
[Black "Kazancev, Valerij M"]
[WhiteFideId "2114267"]
[BlackFideId "4179609"]
[WhiteElo "1998"]
[BlackElo "2462"]
[Result "0-1"]
[Round "06"]
[TimeControl "180+1"]
[Date "2022.02.22"]
[WhiteClock "0:00:10"]
[BlackClock "0:00:43"]

1. d4 Nf6 2. Nf3 b5 3. Bg5 e6 4. Nbd2 a6 5. e4 h6 6. Bh4 d6 7. Bd3 g5 8. Bg3 Nh5 9. O-O Bg7 10. c3 Nxg3 11. fxg3 O-O 12. a4 bxa4 13. Rxa4 f5 14. exf5 exf5 15. Qc2 Nc6 16. Raa1 Kh8 17. Rfe1 f4 18. gxf4 g4 19. Be4 Bd7 20. Ne5 dxe5 21. fxe5 g3 22. Nf3 gxh2+ 23. Kh1 Rf4 24. e6 Be8 25. d5 Ne7 26. Qd2 Rxe4 27. Rxe4 Qxd5 28. Qe2 Bc6 29. Rg4 Rf8 30. Rf1 Rf6 31. b3 Rxe6 32. Qf2 Rf6 33. Qg3 Qf7 34. Kxh2 Nf5 35. Qh3 Ne3 36. Ng5 Nxf1+ 37. Kg1 Qe7 38. Re4 Bxe4 39. Qc8+ Rf8 0-1


[Site "https://www.chess.com"]

[Event "Titled Tuesday Blitz February 22 Early 2022"]
[White "Mejia, Cherry Ann"]
[Black "Miszler, Levente"]
[WhiteFideId "5206880"]
[BlackFideId "763276"]
[WhiteElo "2007"]
[BlackElo "1966"]
[Result "1-0"]
[Round "06"]
[TimeControl "180+1"]
[Date "2022.02.22"]
[WhiteClock "0:00:10"]
[BlackClock "0:00:05"]

1. e4 e6 2. d4 d5 3. e5 c5 4. c3 Nc6 5. g3 Qb6 6. Ne2 cxd4 7. cxd4 Bb4+ 8. Nbc3 f6 9. exf6 Nxf6 10. Bg2 O-O 11. O-O Bd7 12. h3 Rae8 13. Be3 Bd6 14. Rc1 a6 15. Na4 Qc7 16. Nc5 Bc8 17. Bf4 Nh5 18. Bxd6 Qxd6 19. Nc3 Nf6 20. N3a4 Ne7 21. Re1 Nf5 22. Re2 b6 23. Nb3 Qb4 24. Nc3 Bd7 25. a3 Qd6 26. Qe1 a5 27. a4 Qb4 28. Qd1 Bxa4 29. Nxa4 Qxa4 30. Rc7 Nxd4 31. Qxd4 Qxb3 32. Re3 e5 33. Rxe5 Rxe5 34. Qxe5 Re8 35. Qg5 Qd1+ 36. Kh2 g6 37. Qxf6 1-0


[Site "https://www.chess.com"]

[Event "Titled Tuesday Blitz February 22 Early 2022"]
[White "Mekhitarian, Krikor Sevag"]
[Black "Liyanage, Ranindu Dilshan"]
[WhiteFideId "2107660"]
[BlackFideId "9915834"]
[WhiteElo "2598"]
[BlackElo "1858"]
[Result "0-1"]
[Round "06"]
[TimeControl "180+1"]
[Date "2022.02.22"]
[WhiteClock "0:00:02"]
[BlackClock "0:00:07"]

1. e4 e6 2. d3 d5 3. Nd2 Nf6 4. g3 Be7 5. Bg2 O-O 6. f4 c5 7. Ngf3 Nc6 8. O-O Rb8 9. c3 b5 10. Qe2 b4 11. e5 Nd7 12. c4 Nb6 13. b3 Re8 14. Bb2 Bb7 15. Rae1 a5 16. g4 Nd4 17. Nxd4 cxd4 18. Nf3 dxc4 19. dxc4 d3 20. Qf2 Qc7 21. Rd1 Red8 22. Kh1 Bc5 23. Qg3 Nd7 24. f5 Be7 25. Rxd3 Nc5 26. Rdd1 Ne4 27. Qe1 Bc5 28. Bd4 Bxd4 29. Rxd4 Rxd4 30. Nxd4 Qxe5 31. Nb5 exf5 32. gxf5 Re8 33. f6 gxf6 34. Qh4 Kh8 35. Qf4 Qc5 36. h3 Re5 37. Kh2 f5 38. Rd1 Qe7 39. Rd8+ Kg7 40. Rd7 Qxd7 41. Qxe5+ f6 42. Qf4 Bc6 43. h4 Bxb5 44. cxb5 Qxb5 45. h5 h6 46. Qc7+ Kf8 47. Kh1 Qe5 48. Qc8+ Kf7 49. Qd7+ Kf8 50. Qd8+ Qe8 51. Qxa5 Qe7 52. Qd5 Kg7 53. Kg1 Qa7+ 54. Kh2 Qc7+ 55. Kg1 Qc1+ 56. Bf1 Qe3+ 57. Kh1 Qf3+ 58. Kg1 Qf2+ 59. Kh1 Ng3# 0-1


[Site "https://www.chess.com"]

[Event "Titled Tuesday Blitz February 22 Early 2022"]
[White "Melian, Juan Sebastian"]
[Black "Talibov, Shiroghlan"]
[WhiteFideId "3706575"]
[BlackFideId "13429078"]
[WhiteElo "1842"]
[BlackElo "2070"]
[Result "0-1"]
[Round "06"]
[TimeControl "180+1"]
[Date "2022.02.22"]
[WhiteClock "0:00:04"]
[BlackClock "0:00:16"]

1. Nf3 Nc6 2. c4 e5 3. Nc3 Nf6 4. d3 g6 5. g3 Bg7 6. Bg2 h5 7. h3 d6 8. a3 O-O 9. O-O Re8 10. Rb1 e4 11. Nd2 e3 12. fxe3 Rxe3 13. Nde4 Nxe4 14. Nxe4 Rxe4 15. dxe4 Qe7 16. Bf4 h4 17. Qd2 hxg3 18. Bxg3 a5 19. b3 a4 20. b4 Be6 21. Rbc1 Nd4 22. Qd3 b5 23. cxb5 Rb8 24. e3 Nxb5 25. Rf2 Be5 26. Bxe5 dxe5 27. Rc5 Qd6 28. Bf1 Qxd3 29. Bxd3 Nxa3 30. b5 Bb3 31. Rxc7 Nxb5 32. Rc5 Nd6 33. Rxe5 Ra8 34. Rc5 a3 35. Rc6 a2 36. Rxa2 Rxa2 37. Rxd6 Be6 38. Bf1 Kg7 39. Rd3 Ra1 40. Kf2 Rxf1+ 41. Kxf1 Bc4 42. Ke2 Kf6 43. Kd2 Bxd3 44. Kxd3 Ke5 45. h4 f6 46. Ke2 Kxe4 47. Kf2 f5 48. Ke2 f4 49. exf4 Kxf4 50. Kf2 Kg4 51. Kg2 Kxh4 52. Kh2 g5 53. Kg2 Kg4 54. Kg1 Kg3 55. Kh1 Kf2 56. Kh2 g4 57. Kh1 Kf3 58. Kg1 Kg3 59. Kh1 Kf2 60. Kh2 g3+ 61. Kh3 g2 0-1


[Site "https://www.chess.com"]